Stars vs Capitals
Created - January 25, 2018 at 19:01
Goals
|
| Stars |
0 |
3 |
1 |
4 |
| Capitals |
1 |
2 |
0 |
3 |
|
Shots
|
| Stars |
4 |
22 |
13 |
39 |
| Capitals |
7 |
20 |
5 |
32 |
|
1st period
1. Capitals , Scott Gomez 7 (Brian Boyle 6, Ondrej Palat 7) at 6:28
Penalties :
Keith Yandle (Was) for High sticking (Minor) at 11:14
2nd period
2. Capitals , Blake Wheeler 6 (Jamie Benn 9, Marcel Goc 4) at 11:16
3. Stars , Brian Lee 7 (Michael Frolik 28, John Tavares 34) at 11:24
4. Stars , John Tavares 21 (Trevor Daley 11, Scott Hartnell 19) at 15:12
5. Capitals , Patrick Marleau 15 (Christian Ehrhoff 6, Mark Stuart 12) at 15:52
6. Stars , Michael Frolik 25 (John Tavares 35) at 18:49 (PP)
Penalties :
Radim Vrbata (Dal) for Holding (Minor) at 0:59, Paul Martin (Was) for High sticking (Minor) at 18:38
3rd period
7. Stars , Dustin Penner 9 (Radim Vrbata 19, Brian Lee 17) at 4:56
Penalties :
Evgeny Artyukhin (Dal) for Cross-checking (Minor) at 6:50, Michal Handzus (Dal) for Roughing (Minor) at 12:03
Goalie Stats
Pascal Leclaire (Dal), 29 saves from 32 shots - (0.906), W, 17-15-2, 60:00 minutes
Roberto Luongo (Was), 35 saves from 39 shots - (0.897), L, 6-11-1, 59:19 minutes
Players Stats for Stars
Player Name G A P +/- PIM S H SB GA TA FO MP PP MP PK MP
------------------------------------------------------------------------------------
Andrei Markov 0 0 0 -1 0 3 1 0 0 1 0/0 18:58 0:54 2:25
Brian Lee 1 1 2 1 0 1 2 2 1 0 0/0 24:28 1:16 3:32
Daniel Cleary 0 0 0 0 0 3 4 1 1 0 0/0 9:56 0:00 0:00
Dustin Penner 1 0 1 -1 0 1 2 0 0 0 0/0 12:28 0:00 2:11
Evgeny Artyukhin 0 0 0 0 2 2 1 0 0 0 2/3 16:32 0:57 1:25
John Tavares 1 2 3 1 0 6 4 2 0 1 13/29 20:41 1:13 1:50
Johnny Oduya 0 0 0 1 0 0 0 2 0 0 0/0 21:45 1:16 0:00
Jussi Jokinen 0 0 0 0 0 4 1 1 1 0 0/0 15:38 1:13 0:39
Michael Frolik 1 1 2 1 0 5 2 1 3 0 1/2 18:47 1:13 0:00
Michal Handzus 0 0 0 -1 2 2 3 0 0 0 3/9 12:33 0:00 1:57
Radim Vrbata 0 1 1 -1 2 1 1 0 0 0 0/0 10:11 0:00 0:00
Raphael Diaz 0 0 0 0 0 2 3 2 0 0 0/0 18:58 0:00 2:25
Rickard Wallin 0 0 0 0 0 2 0 0 0 1 1/2 9:29 0:00 0:45
Ryan Getzlaf 0 0 0 0 0 0 4 0 0 0 4/13 15:51 0:57 0:00
Scott Hartnell 0 1 1 1 0 3 2 1 0 1 1/3 23:10 0:57 3:07
Shaone Morrisonn 0 0 0 0 0 1 3 0 0 1 0/0 19:17 0:00 3:32
Shawn Matthias 0 0 0 0 0 3 0 0 0 0 0/0 8:44 0:00 0:00
Trevor Daley 0 1 1 -1 0 0 3 0 0 2 0/0 16:34 0:54 0:00
Players Stats for Capitals
Player Name G A P +/- PIM S H SB GA TA FO MP PP MP PK MP
------------------------------------------------------------------------------------
Adam Larsson 0 0 0 -1 0 0 0 1 0 0 0/0 11:50 0:00 0:00
Blake Wheeler 1 0 1 1 0 3 0 0 1 0 1/2 20:28 2:51 0:34
Brian Boyle 0 1 1 1 0 0 0 0 1 0 1/1 7:13 0:00 0:17
Chris Kunitz 0 0 0 -1 0 2 1 1 0 0 0/0 12:24 0:00 0:22
Christian Ehrhoff 0 1 1 0 0 3 1 1 0 1 0/0 25:30 3:46 1:23
Dougie Hamilton 0 0 0 0 0 0 0 0 0 0 0/0 4:53 0:00 0:00
Jamie Benn 0 1 1 1 0 2 5 0 0 0 0/0 19:03 2:51 0:00
Jaromir Jagr 0 0 0 -1 0 3 1 2 1 0 0/0 22:05 3:06 1:05
Keith Yandle 0 0 0 -1 2 1 0 1 0 1 0/0 11:59 0:00 0:00
Marcel Goc 0 1 1 1 0 4 1 0 1 0 8/12 19:27 2:51 0:00
Mark Stuart 0 1 1 0 0 3 1 4 0 1 0/0 28:43 3:46 1:23
Matt Irwin 0 0 0 1 0 1 1 2 0 0 0/0 18:37 2:11 0:47
Ondrej Palat 0 1 1 1 0 0 0 0 1 0 0/0 6:22 0:00 0:25
Patrick Marleau 1 0 1 -1 0 4 2 1 2 0 1/3 20:43 3:04 0:34
Paul Martin 0 0 0 1 2 0 0 0 0 2 0/0 18:36 2:11 0:47
Scott Gomez 1 0 1 0 0 5 0 1 0 1 21/37 24:38 3:04 1:03
T.J. Oshie 0 0 0 -1 0 0 1 0 0 0 0/0 12:31 0:02 0:00
Tyler Seguin 0 0 0 -1 0 1 0 1 0 0 4/6 12:46 0:02 0:00
3 Stars
1 - John Tavares (Dal)
2 - Brian Lee (Dal)
3 - Michael Frolik (Dal)
Power Play
Stars - 1 on 2 Attempt(s) - 50.00%
Capitals - 0 on 3 Attempt(s) - 0.00%
Penalty Kill
Stars - 3 on 3 Attempt(s) - 100.00%
- Score 0 goal in Penalty Kill
Capitals - 1 on 2 Attempt(s) - 50.00%
- Score 0 goal in Penalty Kill
Team Stat
Stars - Hits : 36 - Faceoff Wins : 25 - Blocked Shots : 12 - Penalty Minutes : 6
Capitals - Hits : 14 - Faceoff Wins : 36 - Blocked Shots : 15 - Penalty Minutes : 4
Official
Referees : McCreary Bill and Morton Dean
Linesman : Lyle Seitz and Ryan Galloway
Game Notes
No Game Note
Finance
Level 1 -- Attendance: 6000 (100.00%) -- Ticket Income $492,000
Level 2 -- Attendance: 5000 (100.00%) -- Ticket Income $235,000
Level 3 -- Attendance: 1885 (94.25%) -- Ticket Income $60,320
Level 4 -- Attendance: 4000 (100.00%) -- Ticket Income $84,000
Luxury Box -- Attendance: 718 (71.80%) -- Ticket Income $120,624
Game was played at the Verizon Center.
Total Attendance: 17603 (97.79%)
Total Ticket Income: $991,944
Other Income: $148,792
Total Income: $1,140,736
Stars
5 vs 5 Forward
Center Left Wing Right Wing Time % Phy DF OF
1 John Tavares Scott Hartnell Michael Frolik 39 0 2 3
2 Ryan Getzlaf Jussi Jokinen Evgeny Artyukhin 27 0 2 3
3 Michal Handzus Dustin Penner Radim Vrbata 20 1 2 2
4 Rickard Wallin Shawn Matthias Daniel Cleary 14 1 2 2
5 vs 5 Defense
Defense Defense Time % Phy DF OF
1 Johnny Oduya Brian Lee 40 1 2 2
2 Trevor Daley Andrei Markov 30 1 2 2
3 Raphael Diaz Shaone Morrisonn 30 1 2 2
4 Johnny Oduya Brian Lee 0 1 2 2
PowerPlay Forward
Center Left Wing Right Wing Time % Phy DF OF
1 John Tavares Jussi Jokinen Michael Frolik 60 0 1 4
2 Ryan Getzlaf Scott Hartnell Evgeny Artyukhin 40 0 1 4
PowerPlay Defense
Defense Defense Time % Phy DF OF
1 Johnny Oduya Brian Lee 60 0 2 3
2 Trevor Daley Andrei Markov 40 0 2 3
Penalty Kill 4 Players Forward
Center Wing Time % Phy DF OF
1 Michal Handzus Scott Hartnell 60 1 3 1
2 Rickard Wallin Dustin Penner 40 1 3 1
Penalty Kill 4 Players Defense
Defense Defense Time % Phy DF OF
1 Brian Lee Shaone Morrisonn 60 0 3 2
2 Raphael Diaz Andrei Markov 40 0 3 2
Penalty Kill - 3 Players Forward
Forward Time % Phy DF OF
1 Scott Hartnell 60 1 4 0
2 Michal Handzus 40 1 4 0
Penalty Kill - 3 Players Defense
Defense Defense Time % Phy DF OF
1 Johnny Oduya Brian Lee 60 1 4 0
2 Trevor Daley Andrei Markov 40 1 4 0
4 vs 4 Forward
Center Wing Time % Phy DF OF
1 Trevor Daley Scott Hartnell 60 1 2 2
2 Jussi Jokinen Michael Frolik 40 1 2 2
4 vs 4 Defense
Defense Defense Time % Phy DF OF
1 Johnny Oduya Brian Lee 60 1 2 2
2 Trevor Daley Andrei Markov 40 1 2 2
Last Minutes Offensive
Center Left Wing Right Wing Defense Defense
John Tavares Scott Hartnell Michael Frolik Trevor Daley Brian Lee
Last Minutes Defensive
Center Left Wing Right Wing Defense Defense
Ryan Getzlaf Scott Hartnell Daniel Cleary Johnny Oduya Shaone Morrisonn
Goaltenders
Starting : Pascal Leclaire
Backup : Miika Kiprusoff
Extra Forwards
Normal : Michal Handzus, Dustin Penner, Radim Vrbata - PP : Evgeny Artyukhin, Dustin Penner - PK : Evgeny Artyukhin
Extra Defensemen
Normal : Raphael Diaz, Shaone Morrisonn, Trevor Daley - PP : Raphael Diaz - PK : Shaone Morrisonn, Trevor Daley
Penalty Shots
John Tavares, Michael Frolik, Radim Vrbata, Michal Handzus, Evgeny Artyukhin
Scratches
Matt Cooke (Severed Right Wrist Tendon Injury)
Capitals
5 vs 5 Forward
Center Left Wing Right Wing Time % Phy DF OF
1 Scott Gomez Patrick Marleau Jaromir Jagr 40 1 2 2
2 Marcel Goc Jamie Benn Blake Wheeler 30 1 2 2
3 Tyler Seguin Chris Kunitz T.J. Oshie 20 1 2 2
4 Brian Boyle Ondrej Palat Scott Gomez 10 1 2 2
5 vs 5 Defense
Defense Defense Time % Phy DF OF
1 Mark Stuart Christian Ehrhoff 40 1 2 2
2 Paul Martin Matt Irwin 30 1 2 2
3 Keith Yandle Adam Larsson 20 1 2 2
4 Dougie Hamilton Mark Stuart 10 1 2 2
PowerPlay Forward
Center Left Wing Right Wing Time % Phy DF OF
1 Scott Gomez Patrick Marleau Jaromir Jagr 60 1 2 2
2 Marcel Goc Jamie Benn Blake Wheeler 40 1 2 2
PowerPlay Defense
Defense Defense Time % Phy DF OF
1 Mark Stuart Christian Ehrhoff 60 1 2 2
2 Paul Martin Matt Irwin 40 1 2 2
Penalty Kill 4 Players Forward
Center Wing Time % Phy DF OF
1 Scott Gomez Jaromir Jagr 60 1 2 2
2 Blake Wheeler Patrick Marleau 40 1 2 2
Penalty Kill 4 Players Defense
Defense Defense Time % Phy DF OF
1 Mark Stuart Christian Ehrhoff 60 1 2 2
2 Paul Martin Matt Irwin 40 1 2 2
Penalty Kill - 3 Players Forward
Forward Time % Phy DF OF
1 Scott Gomez 60 1 2 2
2 Jaromir Jagr 40 1 2 2
Penalty Kill - 3 Players Defense
Defense Defense Time % Phy DF OF
1 Mark Stuart Christian Ehrhoff 60 1 2 2
2 Paul Martin Matt Irwin 40 1 2 2
4 vs 4 Forward
Center Wing Time % Phy DF OF
1 Scott Gomez Jaromir Jagr 60 1 2 2
2 Blake Wheeler Patrick Marleau 40 1 2 2
4 vs 4 Defense
Defense Defense Time % Phy DF OF
1 Mark Stuart Christian Ehrhoff 60 1 2 2
2 Paul Martin Matt Irwin 40 1 2 2
Last Minutes Offensive
Center Left Wing Right Wing Defense Defense
Scott Gomez Patrick Marleau Jaromir Jagr Mark Stuart Christian Ehrhoff
Last Minutes Defensive
Center Left Wing Right Wing Defense Defense
Scott Gomez Patrick Marleau Jaromir Jagr Mark Stuart Christian Ehrhoff
Goaltenders
Starting : Roberto Luongo
Backup : Jake Allen
Extra Forwards
Normal : Tyler Seguin, T.J. Oshie, Chris Kunitz - PP : Tyler Seguin, T.J. Oshie - PK : Chris Kunitz
Extra Defensemen
Normal : Keith Yandle, Adam Larsson, Dougie Hamilton - PP : Keith Yandle - PK : Adam Larsson, Dougie Hamilton
Penalty Shots
Scott Gomez, Jaromir Jagr, Blake Wheeler, Patrick Marleau, Jamie Benn
Scratches
Joe Thornton (Left Knee Injury), Matt Carle (Separated Left Shoulder Injury)
% Time on Ice - Stars
Lines # - Real PCT - Wanted PCT - Time Play
Normal Forward
1 - 36% - 39% - 18:07
2 - 27% - 27% - 13:42
3 - 20% - 20% - 10:08
4 - 17% - 14% - 8:44
Normal Defense
1 - 39% - 40% - 19:38
2 - 31% - 30% - 15:39
3 - 30% - 30% - 15:22
4 - 0% - 0% - 0:02
PP Forward
1 - 56% - 60% - 1:13
2 - 44% - 40% - 0:57
PP Defense
1 - 58% - 60% - 1:16
2 - 42% - 40% - 0:54
PK Forward
1 - 93% - 60% - 5:32
2 - 7% - 40% - 0:25
PK Defense
1 - 59% - 60% - 3:32
2 - 41% - 40% - 2:25
PK3 Forward
1 - 0% - 60%
2 - 0% - 40%
PK3 Defense
1 - 0% - 60%
2 - 0% - 40%
44 Forward
1 - 0% - 60%
2 - 0% - 40%
44 Defense
1 - 0% - 60%
2 - 0% - 40%
Last Minute Offensive - 0:00
Last Minute Defensive - 1:12
Total
Forward - 60:00
Defense - 60:00
|
% Time on Ice - Capitals
Lines # - Real PCT - Wanted PCT - Time Play
Normal Forward
1 - 32% - 40% - 16:21
2 - 33% - 30% - 16:36
3 - 23% - 20% - 11:48
4 - 12% - 10% - 5:57
Normal Defense
1 - 38% - 40% - 19:10
2 - 31% - 30% - 15:39
3 - 23% - 20% - 11:50
4 - 8% - 10% - 4:03
PP Forward
1 - 52% - 60% - 3:06
2 - 48% - 40% - 2:51
PP Defense
1 - 63% - 60% - 3:46
2 - 37% - 40% - 2:11
PK Forward
1 - 74% - 60% - 1:36
2 - 26% - 40% - 0:34
PK Defense
1 - 64% - 60% - 1:23
2 - 36% - 40% - 0:47
PK3 Forward
1 - 0% - 60%
2 - 0% - 40%
PK3 Defense
1 - 0% - 60%
2 - 0% - 40%
44 Forward
1 - 0% - 60%
2 - 0% - 40%
44 Defense
1 - 0% - 60%
2 - 0% - 40%
Last Minute Offensive - 1:11
Last Minute Defensive - 0:00
Total
Forward - 60:00
Defense - 60:00
|
Play by Play
1st period
0:01 of 1st period - Scott Gomez wins face-off versus John Tavares in neutral zone.
0:06 of 1st period - Slapshot by Scott Gomez.
0:06 of 1st period - Stopped by Pascal Leclaire with a rebound.
0:08 of 1st period - Slapshot by Patrick Marleau.
0:08 of 1st period - Shot Misses the Net.
0:10 of 1st period - Slapshot by Christian Ehrhoff.
0:10 of 1st period - Stopped by Pascal Leclaire with a rebound.
0:12 of 1st period - Slapshot by Christian Ehrhoff.
0:12 of 1st period - Stopped by Pascal Leclaire with a rebound.
1:25 of 1st period - Slapshot by Brian Lee.
1:25 of 1st period - Deflect By Shawn Matthias.
1:25 of 1st period - Stopped by Roberto Luongo with a rebound.
1:27 of 1st period - Slapshot by Daniel Cleary.
1:27 of 1st period - Shot Misses the Net.
2:52 of 1st period - Scott Gomez is hit by John Tavares and loses puck.
3:23 of 1st period - Tyler Seguin is hit by Radim Vrbata and loses puck.
4:14 of 1st period - Brian Lee is hit by Mark Stuart and loses puck.
4:40 of 1st period - Snap shot by Jussi Jokinen.
4:40 of 1st period - Shot Blocked by Matt Irwin.
5:08 of 1st period - Mark Stuart is hit by Trevor Daley and loses puck.
6:26 of 1st period - Wrist shot by Scott Gomez.
6:26 of 1st period - Shot Misses the Net.
6:28 of 1st period - Snap shot by Scott Gomez.
6:28 of 1st period - Goal by Scott Gomez - Stars : 0 - Capitals : 1.
6:29 of 1st period - Marcel Goc wins face-off versus Scott Hartnell in neutral zone.
6:32 of 1st period - Shaone Morrisonn is hit by Jamie Benn and loses puck.
6:55 of 1st period - Tyler Seguin is hit by Evgeny Artyukhin and loses puck.
7:24 of 1st period - Blake Wheeler is hit by Brian Lee and loses puck.
8:19 of 1st period - Jamie Benn is hit by Daniel Cleary and loses puck.
8:32 of 1st period - Chris Kunitz is hit by John Tavares and loses puck.
9:09 of 1st period - Jaromir Jagr is hit by Michal Handzus and loses puck.
9:41 of 1st period - Blake Wheeler is hit by Daniel Cleary and loses puck.
9:52 of 1st period - Slapshot by Shawn Matthias.
9:52 of 1st period - Shot Misses the Net.
10:06 of 1st period - Tyler Seguin is hit by Michael Frolik.
10:10 of 1st period - John Tavares is hit by Chris Kunitz.
11:14 of 1st period - Minor Penalty to Keith Yandle for High sticking.
11:15 of 1st period - Scott Gomez wins face-off versus John Tavares in Capitals zone.
11:23 of 1st period - Wrist shot by John Tavares.
11:23 of 1st period - Shot Misses the Net.
11:25 of 1st period - Wrist shot by Michael Frolik.
11:25 of 1st period - Shot Misses the Net.
11:27 of 1st period - Wrist shot by John Tavares.
11:27 of 1st period - Shot Blocked by Mark Stuart.
11:29 of 1st period - Wrist shot by John Tavares.
11:29 of 1st period - Shot Blocked by Jaromir Jagr.
11:31 of 1st period - Backhand shot by Johnny Oduya.
11:31 of 1st period - Shot Misses the Net.
13:14 of 1st period - Penalty to Keith Yandle is over, Keith Yandle is back on ice.
13:29 of 1st period - Jaromir Jagr is hit by Trevor Daley and loses puck.
13:40 of 1st period - Snap shot by Blake Wheeler.
13:40 of 1st period - Stopped by Pascal Leclaire with a rebound.
13:42 of 1st period - Wrist shot by Blake Wheeler.
13:42 of 1st period - Deflect By Marcel Goc.
13:42 of 1st period - Stopped by Pascal Leclaire with a rebound.
13:44 of 1st period - Slapshot by Mark Stuart.
13:44 of 1st period - Shot Blocked by Raphael Diaz.
13:58 of 1st period - Tyler Seguin is hit by Daniel Cleary and loses puck.
14:20 of 1st period - Chris Kunitz is hit by Dustin Penner and loses puck.
14:33 of 1st period - Brian Boyle is hit by Shaone Morrisonn and loses puck.
14:46 of 1st period - Snap shot by Daniel Cleary.
14:46 of 1st period - Shot Misses the Net.
14:48 of 1st period - Slapshot by Johnny Oduya.
14:48 of 1st period - Shot Blocked by Christian Ehrhoff.
15:00 of 1st period - Wrist shot by Marcel Goc.
15:00 of 1st period - Stopped by Pascal Leclaire with a rebound.
15:26 of 1st period - Slapshot by Andrei Markov.
15:26 of 1st period - Shot Blocked by Matt Irwin.
15:28 of 1st period - Snap shot by Rickard Wallin.
15:28 of 1st period - Stopped by Roberto Luongo with a rebound.
15:40 of 1st period - Johnny Oduya is hit by Matt Irwin and loses puck.
16:05 of 1st period - Slapshot by Shaone Morrisonn.
16:05 of 1st period - Stopped by Roberto Luongo with a rebound.
16:36 of 1st period - Chris Kunitz is hit by John Tavares and loses puck.
16:55 of 1st period - Brian Lee is hit by Patrick Marleau and loses puck.
17:28 of 1st period - Wrist shot by Daniel Cleary.
17:28 of 1st period - Shot Misses the Net.
17:52 of 1st period - Marcel Goc is hit by Scott Hartnell and loses puck.
19:03 of 1st period - John Tavares is hit by Jamie Benn and loses puck.
19:14 of 1st period - T.J. Oshie is hit by Scott Hartnell and loses puck.
19:29 of 1st period - Slapshot by Daniel Cleary.
19:29 of 1st period - Stopped by Roberto Luongo without a rebound.
19:30 of 1st period - Rickard Wallin wins face-off versus Scott Gomez in Capitals zone.
19:41 of 1st period - Slapshot by Shawn Matthias.
19:41 of 1st period - Shot Misses the Net.
Goals for this period are 0 for Stars vs 1 for Capitals.
Shots for this period are 4 for Stars vs 7 for Capitals.
2nd period
0:01 of 2nd period - John Tavares wins face-off versus Scott Gomez in neutral zone.
0:14 of 2nd period - Snap shot by Michael Frolik.
0:14 of 2nd period - Shot Blocked by Jaromir Jagr.
0:51 of 2nd period - Paul Martin is hit by Michal Handzus.
0:59 of 2nd period - Minor Penalty to Radim Vrbata for Holding.
1:00 of 2nd period - Scott Gomez wins face-off versus Michal Handzus in Stars zone.
1:32 of 2nd period - Andrei Markov is hit by Jamie Benn and loses puck.
2:59 of 2nd period - Penalty to Radim Vrbata is over, Radim Vrbata is back on ice.
3:16 of 2nd period - Wrist shot by Daniel Cleary.
3:16 of 2nd period - Stopped by Roberto Luongo with a rebound.
3:18 of 2nd period - Snap shot by Shawn Matthias.
3:18 of 2nd period - Shot Misses the Net.
3:25 of 2nd period - Icing by Christian Ehrhoff.
3:26 of 2nd period - Brian Boyle wins face-off versus Ryan Getzlaf in Capitals zone.
4:17 of 2nd period - Wrist shot by Radim Vrbata.
4:17 of 2nd period - Shot Misses the Net.
4:44 of 2nd period - Patrick Marleau is hit by Brian Lee and loses puck.
4:49 of 2nd period - Snap shot by Daniel Cleary.
4:49 of 2nd period - Stopped by Roberto Luongo with a rebound.
4:51 of 2nd period - Snap shot by Rickard Wallin.
4:51 of 2nd period - Stopped by Roberto Luongo with a rebound.
4:53 of 2nd period - Slapshot by Raphael Diaz.
4:53 of 2nd period - Stopped by Roberto Luongo without a rebound.
4:54 of 2nd period - Tyler Seguin wins face-off versus John Tavares in Capitals zone.
5:07 of 2nd period - Wrist shot by John Tavares.
5:07 of 2nd period - Stopped by Roberto Luongo without a rebound.
5:08 of 2nd period - Marcel Goc wins face-off versus John Tavares in Capitals zone.
5:13 of 2nd period - Slapshot by Matt Irwin.
5:13 of 2nd period - Stopped by Pascal Leclaire with a rebound.
5:15 of 2nd period - Snap shot by Marcel Goc.
5:15 of 2nd period - Stopped by Pascal Leclaire without a rebound.
5:16 of 2nd period - John Tavares wins face-off versus Blake Wheeler in Stars zone.
5:21 of 2nd period - Blake Wheeler is hit by Michael Frolik and loses puck.
5:57 of 2nd period - Icing by Johnny Oduya.
5:58 of 2nd period - Scott Gomez wins face-off versus John Tavares in Stars zone.
6:08 of 2nd period - Snap shot by Patrick Marleau.
6:08 of 2nd period - Shot Blocked by Brian Lee.
6:10 of 2nd period - Snap shot by Scott Gomez.
6:10 of 2nd period - Deflect By Jaromir Jagr.
6:10 of 2nd period - Shot Misses the Net.
6:10 of 2nd period - Puck is out of play.
6:11 of 2nd period - Ryan Getzlaf wins face-off versus Scott Gomez in Stars zone.
6:16 of 2nd period - Christian Ehrhoff is hit by Raphael Diaz and loses puck.
7:26 of 2nd period - Slapshot by John Tavares.
7:26 of 2nd period - Stopped by Roberto Luongo without a rebound.
7:27 of 2nd period - Evgeny Artyukhin wins face-off versus Marcel Goc in Capitals zone.
7:40 of 2nd period - Evgeny Artyukhin is hit by Jamie Benn and loses puck.
7:53 of 2nd period - Christian Ehrhoff is hit by John Tavares and loses puck.
7:58 of 2nd period - Slapshot by John Tavares.
7:58 of 2nd period - Stopped by Roberto Luongo without a rebound.
7:59 of 2nd period - Scott Gomez wins face-off versus John Tavares in Capitals zone.
8:23 of 2nd period - Slapshot by Andrei Markov.
8:23 of 2nd period - Shot Misses the Net.
8:25 of 2nd period - Snap shot by Andrei Markov.
8:25 of 2nd period - Stopped by Roberto Luongo without a rebound.
8:26 of 2nd period - Ryan Getzlaf wins face-off versus Marcel Goc in Capitals zone.
8:27 of 2nd period - Snap shot by Jussi Jokinen.
8:27 of 2nd period - Stopped by Roberto Luongo without a rebound.
8:28 of 2nd period - Marcel Goc wins face-off versus Ryan Getzlaf in Capitals zone.
8:32 of 2nd period - Off-side.
8:33 of 2nd period - Scott Gomez wins face-off versus Ryan Getzlaf in neutral zone.
8:46 of 2nd period - Wrist shot by Scott Gomez.
8:46 of 2nd period - Stopped by Pascal Leclaire with a rebound.
8:48 of 2nd period - Snap shot by Christian Ehrhoff.
8:48 of 2nd period - Deflect By Jaromir Jagr.
8:48 of 2nd period - Stopped by Pascal Leclaire without a rebound.
8:49 of 2nd period - John Tavares wins face-off versus Patrick Marleau in Stars zone.
8:54 of 2nd period - Snap shot by Scott Gomez.
8:54 of 2nd period - Stopped by Pascal Leclaire without a rebound.
8:55 of 2nd period - Scott Gomez wins face-off versus John Tavares in Stars zone.
8:58 of 2nd period - Slapshot by Patrick Marleau.
8:58 of 2nd period - Shot Blocked by Scott Hartnell.
9:26 of 2nd period - Snap shot by Marcel Goc.
9:26 of 2nd period - Shot Misses the Net.
9:28 of 2nd period - Snap shot by Blake Wheeler.
9:28 of 2nd period - Shot Misses the Net.
9:30 of 2nd period - Snap shot by Marcel Goc.
9:30 of 2nd period - Shot Blocked by Jussi Jokinen.
9:32 of 2nd period - Slapshot by Mark Stuart.
9:32 of 2nd period - Stopped by Pascal Leclaire without a rebound.
9:33 of 2nd period - Marcel Goc wins face-off versus John Tavares in Stars zone.
9:40 of 2nd period - Slapshot by Marcel Goc.
9:40 of 2nd period - Stopped by Pascal Leclaire with a rebound.
9:42 of 2nd period - Slapshot by Jamie Benn.
9:42 of 2nd period - Stopped by Pascal Leclaire with a rebound.
9:44 of 2nd period - Wrist shot by Jamie Benn.
9:44 of 2nd period - Stopped by Pascal Leclaire without a rebound.
9:45 of 2nd period - Scott Gomez wins face-off versus John Tavares in Stars zone.
10:12 of 2nd period - Snap shot by Chris Kunitz.
10:12 of 2nd period - Stopped by Pascal Leclaire with a rebound.
10:32 of 2nd period - Snap shot by John Tavares.
10:32 of 2nd period - Shot Misses the Net.
10:34 of 2nd period - Slapshot by Michael Frolik.
10:34 of 2nd period - Stopped by Roberto Luongo without a rebound.
10:35 of 2nd period - Scott Gomez wins face-off versus Ryan Getzlaf in Capitals zone.
10:42 of 2nd period - Snap shot by Jussi Jokinen.
10:42 of 2nd period - Shot Blocked by Mark Stuart.
11:00 of 2nd period - Michal Handzus is hit by Jamie Benn and loses puck.
11:06 of 2nd period - Off-side.
11:07 of 2nd period - Blake Wheeler wins face-off versus Michal Handzus in neutral zone.
11:16 of 2nd period - Snap shot by Blake Wheeler.
11:16 of 2nd period - Goal by Blake Wheeler - Stars : 0 - Capitals : 2.
11:17 of 2nd period - John Tavares wins face-off versus Scott Gomez in neutral zone.
11:20 of 2nd period - Slapshot by John Tavares.
11:20 of 2nd period - Shot Blocked by Scott Gomez.
11:22 of 2nd period - Wrist shot by Michael Frolik.
11:22 of 2nd period - Stopped by Roberto Luongo with a rebound.
11:24 of 2nd period - Slapshot by Brian Lee.
11:24 of 2nd period - Deflect By Mark Stuart.
11:24 of 2nd period - Goal by Brian Lee - Stars : 1 - Capitals : 2.
11:25 of 2nd period - Scott Gomez wins face-off versus John Tavares in neutral zone.
11:59 of 2nd period - Slapshot by Andrei Markov.
11:59 of 2nd period - Shot Misses the Net.
12:01 of 2nd period - Slapshot by Andrei Markov.
12:01 of 2nd period - Stopped by Roberto Luongo without a rebound.
12:02 of 2nd period - Scott Gomez wins face-off versus Michael Frolik in Capitals zone.
12:51 of 2nd period - Wrist shot by Jussi Jokinen.
12:51 of 2nd period - Stopped by Roberto Luongo without a rebound.
12:52 of 2nd period - Marcel Goc wins face-off versus Ryan Getzlaf in Capitals zone.
12:52 of 2nd period - Marcel Goc is hit by Shaone Morrisonn.
13:43 of 2nd period - Wrist shot by Raphael Diaz.
13:43 of 2nd period - Stopped by Roberto Luongo with a rebound.
13:45 of 2nd period - Slapshot by Raphael Diaz.
13:45 of 2nd period - Shot Misses the Net.
13:47 of 2nd period - Snap shot by Ryan Getzlaf.
13:47 of 2nd period - Deflect By Evgeny Artyukhin.
13:47 of 2nd period - Stopped by Roberto Luongo with a rebound.
13:49 of 2nd period - Snap shot by Jussi Jokinen.
13:49 of 2nd period - Shot Blocked by Mark Stuart.
14:15 of 2nd period - Jamie Benn is hit by Ryan Getzlaf.
14:16 of 2nd period - Icing by Jamie Benn.
14:17 of 2nd period - John Tavares wins face-off versus Marcel Goc in Capitals zone.
14:28 of 2nd period - Slapshot by Mark Stuart.
14:28 of 2nd period - Shot Blocked by John Tavares.
14:30 of 2nd period - Snap shot by Mark Stuart.
14:30 of 2nd period - Shot Misses the Net.
14:32 of 2nd period - Slapshot by Christian Ehrhoff.
14:32 of 2nd period - Shot Hit the Post.
14:34 of 2nd period - Snap shot by Christian Ehrhoff.
14:34 of 2nd period - Stopped by Pascal Leclaire with a rebound.
14:36 of 2nd period - Wrist shot by Mark Stuart.
14:36 of 2nd period - Stopped by Pascal Leclaire with a rebound.
14:38 of 2nd period - Snap shot by Blake Wheeler.
14:38 of 2nd period - Deflect By Jamie Benn.
14:38 of 2nd period - Shot Blocked by Brian Lee.
14:38 of 2nd period - Puck is out of play.
14:39 of 2nd period - Michal Handzus wins face-off versus Scott Gomez in Stars zone.
14:46 of 2nd period - Adam Larsson is hit by Dustin Penner and loses puck.
15:05 of 2nd period - Scott Hartnell is hit by T.J. Oshie and loses puck.
15:12 of 2nd period - Slapshot by Trevor Daley.
15:12 of 2nd period - Deflect By John Tavares.
15:12 of 2nd period - Goal by John Tavares - Stars : 2 - Capitals : 2.
15:13 of 2nd period - John Tavares wins face-off versus Scott Gomez in neutral zone.
15:20 of 2nd period - Snap shot by John Tavares.
15:20 of 2nd period - Shot Misses the Net.
15:24 of 2nd period - Slapshot by Michael Frolik.
15:24 of 2nd period - Shot Misses the Net.
15:26 of 2nd period - Wrist shot by Scott Hartnell.
15:26 of 2nd period - Stopped by Roberto Luongo without a rebound.
15:27 of 2nd period - Scott Gomez wins face-off versus John Tavares in Capitals zone.
15:40 of 2nd period - Snap shot by Jaromir Jagr.
15:40 of 2nd period - Deflect By Michael Frolik.
15:40 of 2nd period - Shot Blocked by John Tavares.
15:40 of 2nd period - Puck is out of play.
15:41 of 2nd period - Scott Gomez wins face-off versus John Tavares in Stars zone.
15:42 of 2nd period - Backhand shot by Patrick Marleau.
15:42 of 2nd period - Shot Misses the Net.
15:44 of 2nd period - Wrist shot by Christian Ehrhoff.
15:44 of 2nd period - Shot Misses the Net.
15:46 of 2nd period - Snap shot by Patrick Marleau.
15:46 of 2nd period - Stopped by Pascal Leclaire with a rebound.
15:48 of 2nd period - Slapshot by Mark Stuart.
15:48 of 2nd period - Stopped by Pascal Leclaire with a rebound.
15:50 of 2nd period - Slapshot by Christian Ehrhoff.
15:50 of 2nd period - Shot Misses the Net.
15:52 of 2nd period - Snap shot by Patrick Marleau.
15:52 of 2nd period - Goal by Patrick Marleau - Stars : 2 - Capitals : 3.
15:53 of 2nd period - Scott Hartnell wins face-off versus Scott Gomez in neutral zone.
16:29 of 2nd period - Snap shot by Evgeny Artyukhin.
16:29 of 2nd period - Shot Hit the Post.
16:38 of 2nd period - Off-side.
16:39 of 2nd period - Marcel Goc wins face-off versus Michal Handzus in neutral zone.
16:48 of 2nd period - Snap shot by Blake Wheeler.
16:48 of 2nd period - Stopped by Pascal Leclaire without a rebound.
16:49 of 2nd period - Scott Gomez wins face-off versus John Tavares in Stars zone.
16:52 of 2nd period - Slapshot by Jaromir Jagr.
16:52 of 2nd period - Shot Blocked by Michael Frolik.
17:02 of 2nd period - Slapshot by John Tavares.
17:02 of 2nd period - Deflect By Michael Frolik.
17:02 of 2nd period - Shot Misses the Net.
17:02 of 2nd period - Puck is out of play.
17:03 of 2nd period - Scott Gomez wins face-off versus John Tavares in Capitals zone.
18:25 of 2nd period - Paul Martin is hit by Daniel Cleary.
18:38 of 2nd period - Minor Penalty to Paul Martin for High sticking.
18:39 of 2nd period - John Tavares wins face-off versus Scott Gomez in Capitals zone.
18:49 of 2nd period - Wrist shot by Michael Frolik.
18:49 of 2nd period - Goal by Michael Frolik - Stars : 3 - Capitals : 3.
18:50 of 2nd period - John Tavares wins face-off versus Scott Gomez in neutral zone.
18:59 of 2nd period - Slapshot by John Tavares.
18:59 of 2nd period - Shot Misses the Net.
19:01 of 2nd period - Wrist shot by John Tavares.
19:01 of 2nd period - Shot Misses the Net.
19:03 of 2nd period - Wrist shot by Michael Frolik.
19:03 of 2nd period - Stopped by Roberto Luongo without a rebound.
19:04 of 2nd period - John Tavares wins face-off versus Scott Gomez in Capitals zone.
19:36 of 2nd period - Snap shot by Evgeny Artyukhin.
19:36 of 2nd period - Stopped by Roberto Luongo without a rebound.
19:37 of 2nd period - Ryan Getzlaf wins face-off versus Scott Gomez in Capitals zone.
19:40 of 2nd period - Snap shot by Jussi Jokinen.
19:40 of 2nd period - Stopped by Roberto Luongo without a rebound.
19:41 of 2nd period - Scott Gomez wins face-off versus Ryan Getzlaf in Capitals zone.
19:48 of 2nd period - Wrist shot by Jaromir Jagr.
19:48 of 2nd period - Stopped by Pascal Leclaire with a rebound.
19:50 of 2nd period - Snap shot by Scott Gomez.
19:50 of 2nd period - Shot Blocked by Raphael Diaz.
19:52 of 2nd period - Snap shot by Patrick Marleau.
19:52 of 2nd period - Stopped by Pascal Leclaire with a rebound.
19:56 of 2nd period - Snap shot by Patrick Marleau.
19:56 of 2nd period - Stopped by Pascal Leclaire without a rebound.
19:57 of 2nd period - Tyler Seguin wins face-off versus Scott Hartnell in Stars zone.
Goals for this period are 3 for Stars vs 2 for Capitals.
Shots for this period are 22 for Stars vs 20 for Capitals.
3rd period
0:01 of 3rd period - John Tavares wins face-off versus Scott Gomez in neutral zone.
0:05 of 3rd period - Off-side.
0:06 of 3rd period - John Tavares wins face-off versus Scott Gomez in neutral zone.
0:18 of 3rd period - Off-side.
0:19 of 3rd period - Scott Gomez wins face-off versus John Tavares in neutral zone.
0:34 of 3rd period - Snap shot by John Tavares.
0:34 of 3rd period - Stopped by Roberto Luongo without a rebound.
0:35 of 3rd period - Marcel Goc wins face-off versus Ryan Getzlaf in Capitals zone.
0:35 of 3rd period - Marcel Goc is hit by Raphael Diaz.
0:41 of 3rd period - Ryan Getzlaf is hit by Marcel Goc and loses puck.
1:11 of 3rd period - Wrist shot by John Tavares.
1:11 of 3rd period - Shot Misses the Net.
1:13 of 3rd period - Wrist shot by Scott Hartnell.
1:13 of 3rd period - Shot Misses the Net.
2:12 of 3rd period - Wrist shot by Evgeny Artyukhin.
2:12 of 3rd period - Shot Misses the Net.
2:14 of 3rd period - Slapshot by Ryan Getzlaf.
2:14 of 3rd period - Shot Misses the Net.
2:16 of 3rd period - Snap shot by Jussi Jokinen.
2:16 of 3rd period - Stopped by Roberto Luongo without a rebound.
2:17 of 3rd period - Tyler Seguin wins face-off versus John Tavares in Capitals zone.
2:31 of 3rd period - Snap shot by Trevor Daley.
2:31 of 3rd period - Shot Blocked by Mark Stuart.
2:57 of 3rd period - Christian Ehrhoff is hit by Andrei Markov and loses puck.
3:14 of 3rd period - Snap shot by Radim Vrbata.
3:14 of 3rd period - Shot Misses the Net.
3:34 of 3rd period - Snap shot by Chris Kunitz.
3:34 of 3rd period - Stopped by Pascal Leclaire without a rebound.
3:35 of 3rd period - Patrick Marleau wins face-off versus Rickard Wallin in Stars zone.
3:50 of 3rd period - Slapshot by Patrick Marleau.
3:50 of 3rd period - Shot Misses the Net.
4:25 of 3rd period - T.J. Oshie is hit by Ryan Getzlaf.
4:56 of 3rd period - Snap shot by Dustin Penner.
4:56 of 3rd period - Goal by Dustin Penner - Stars : 4 - Capitals : 3.
4:57 of 3rd period - Michael Frolik wins face-off versus Patrick Marleau in neutral zone.
5:23 of 3rd period - Christian Ehrhoff is hit by Ryan Getzlaf and loses puck.
5:46 of 3rd period - Snap shot by Chris Kunitz.
5:46 of 3rd period - Deflect By Tyler Seguin.
5:46 of 3rd period - Stopped by Pascal Leclaire without a rebound.
5:47 of 3rd period - Michal Handzus wins face-off versus Tyler Seguin in Stars zone.
5:54 of 3rd period - Snap shot by Radim Vrbata.
5:54 of 3rd period - Shot Blocked by Tyler Seguin.
5:56 of 3rd period - Snap shot by Michal Handzus.
5:56 of 3rd period - Stopped by Roberto Luongo without a rebound.
5:57 of 3rd period - John Tavares wins face-off versus Scott Gomez in Capitals zone.
5:58 of 3rd period - Wrist shot by Michael Frolik.
5:58 of 3rd period - Shot Misses the Net.
6:08 of 3rd period - Slapshot by Keith Yandle.
6:08 of 3rd period - Stopped by Pascal Leclaire without a rebound.
6:09 of 3rd period - John Tavares wins face-off versus Scott Gomez in Stars zone.
6:20 of 3rd period - Snap shot by Michael Frolik.
6:20 of 3rd period - Shot Misses the Net.
6:22 of 3rd period - Wrist shot by Scott Hartnell.
6:22 of 3rd period - Stopped by Roberto Luongo with a rebound.
6:24 of 3rd period - Slapshot by Andrei Markov.
6:24 of 3rd period - Shot Blocked by Patrick Marleau.
6:26 of 3rd period - Slapshot by Andrei Markov.
6:26 of 3rd period - Stopped by Roberto Luongo without a rebound.
6:27 of 3rd period - Marcel Goc wins face-off versus Ryan Getzlaf in Capitals zone.
6:50 of 3rd period - Minor Penalty to Evgeny Artyukhin for Cross-checking.
6:51 of 3rd period - Scott Gomez wins face-off versus Michal Handzus in Stars zone.
6:52 of 3rd period - Snap shot by Jaromir Jagr.
6:52 of 3rd period - Stopped by Pascal Leclaire without a rebound.
6:53 of 3rd period - Scott Gomez wins face-off versus Michal Handzus in Stars zone.
7:52 of 3rd period - John Tavares is hit by Patrick Marleau and loses puck.
8:41 of 3rd period - Marcel Goc is hit by Raphael Diaz and loses puck.
8:50 of 3rd period - Penalty to Evgeny Artyukhin is over, Evgeny Artyukhin is back on ice.
10:09 of 3rd period - Adam Larsson is hit by Michal Handzus and loses puck.
11:23 of 3rd period - Andrei Markov is hit by Jaromir Jagr and loses puck.
12:03 of 3rd period - Minor Penalty to Michal Handzus for Roughing.
12:04 of 3rd period - Scott Gomez wins face-off versus Evgeny Artyukhin in Stars zone.
12:20 of 3rd period - Off-side.
12:21 of 3rd period - Evgeny Artyukhin wins face-off versus Marcel Goc in neutral zone.
12:38 of 3rd period - Wrist shot by Jamie Benn.
12:38 of 3rd period - Shot Misses the Net.
12:48 of 3rd period - Brian Lee is hit by Christian Ehrhoff and loses puck.
14:03 of 3rd period - Penalty to Michal Handzus is over, Michal Handzus is back on ice.
14:30 of 3rd period - Snap shot by Shawn Matthias.
14:30 of 3rd period - Stopped by Roberto Luongo with a rebound.
14:32 of 3rd period - Wrist shot by Daniel Cleary.
14:32 of 3rd period - Shot Blocked by Adam Larsson.
14:34 of 3rd period - Snap shot by Shawn Matthias.
14:34 of 3rd period - Stopped by Roberto Luongo without a rebound.
14:35 of 3rd period - Michal Handzus wins face-off versus Tyler Seguin in Capitals zone.
14:38 of 3rd period - Wrist shot by Michal Handzus.
14:38 of 3rd period - Stopped by Roberto Luongo with a rebound.
14:40 of 3rd period - Slapshot by Johnny Oduya.
14:40 of 3rd period - Shot Blocked by Chris Kunitz.
14:42 of 3rd period - Slapshot by Johnny Oduya.
14:42 of 3rd period - Shot Misses the Net.
14:44 of 3rd period - Slapshot by Radim Vrbata.
14:44 of 3rd period - Stopped by Roberto Luongo with a rebound.
14:46 of 3rd period - Slapshot by Dustin Penner.
14:46 of 3rd period - Shot Misses the Net.
15:07 of 3rd period - Snap shot by Scott Gomez.
15:07 of 3rd period - Shot Blocked by Daniel Cleary.
15:56 of 3rd period - Snap shot by John Tavares.
15:56 of 3rd period - Stopped by Roberto Luongo without a rebound.
15:57 of 3rd period - Tyler Seguin wins face-off versus Michal Handzus in Capitals zone.
16:27 of 3rd period - Wrist shot by Michael Frolik.
16:27 of 3rd period - Stopped by Roberto Luongo with a rebound.
16:41 of 3rd period - Blake Wheeler is hit by Ryan Getzlaf.
17:22 of 3rd period - Slapshot by Jaromir Jagr.
17:22 of 3rd period - Shot Blocked by Johnny Oduya.
17:24 of 3rd period - Snap shot by Scott Gomez.
17:24 of 3rd period - Stopped by Pascal Leclaire with a rebound.
17:46 of 3rd period - Patrick Marleau is hit by Jussi Jokinen and loses puck.
17:51 of 3rd period - Snap shot by Jussi Jokinen.
17:51 of 3rd period - Shot Misses the Net.
17:53 of 3rd period - Snap shot by Evgeny Artyukhin.
17:53 of 3rd period - Shot Blocked by Keith Yandle.
18:35 of 3rd period - Tyler Seguin is hit by Shaone Morrisonn and loses puck.
18:54 of 3rd period - Capitals, Roberto Luongo is pulled from the net.
19:26 of 3rd period - Snap shot by Johnny Oduya.
19:26 of 3rd period - Deflect By Scott Gomez.
19:26 of 3rd period - Shot Misses the Net.
19:26 of 3rd period - Puck is out of play.
19:27 of 3rd period - Jon Cooper call a timeout for Capitals.
19:27 of 3rd period - Roberto Luongo from Capitals was sent back in the game.
19:27 of 3rd period - Ryan Getzlaf wins face-off versus Scott Gomez in Capitals zone.
19:28 of 3rd period - Snap shot by Scott Hartnell.
19:28 of 3rd period - Stopped by Roberto Luongo without a rebound.
19:29 of 3rd period - Scott Gomez wins face-off versus Ryan Getzlaf in Capitals zone.
19:29 of 3rd period - Scott Gomez is hit by Trevor Daley.
19:52 of 3rd period - Capitals, Roberto Luongo is pulled from the net.
19:56 of 3rd period - Wrist shot by Patrick Marleau.
19:56 of 3rd period - Shot Blocked by Johnny Oduya.
Goals for this period are 1 for Stars vs 0 for Capitals.
Shots for this period are 13 for Stars vs 5 for Capitals.
Back to the Top